 Dungeon Crawl Stone Soup version 0.29.0-13-gc9e81de378 (webtiles) character file.

Game seed: 5967323800300955553

28 Artool the Cudgeller (level 3, 23/28 HPs)
             Began as a Demonspawn Gladiator on Sept 7, 2022.
             Quit the game on level 2 of the Dungeon.
             The game lasted 00:01:57 (1328 turns).

Artool the Cudgeller (Demonspawn Gladiator)         Turns: 1328, Time: 00:01:58

Health: 23/28      AC:  5    Str: 16    XL:     3   Next: 0%
Magic:  3/3        EV: 12    Int:  9    God:
Gold:   91         SH:  0    Dex: 14    Spells: 2/2 levels left

rFire   . . .      SeeInvis .   j - +0 whip
rCold   . . .      Faith    .   (no shield)
rNeg    . . .      Spirit   .   b - +0 leather armour
rPois   .          Reflect  .   c - +0 helmet
rElec   .          Harm     .   (no cloak)
rCorr   .          Rampage  .   i - +0 pair of gloves
Will    .....                   (no boots)
Stlth   +.........              (no amulet)
HPRegen 0.09/turn               (no ring)
MPRegen 0.08/turn               (no ring)

@: no status effects
A: claws 1, powered by pain 1
a: no special abilities


You were on level 2 of the Dungeon.
You visited 1 branch of the dungeon, and saw 2 of its levels.

You collected 91 gold pieces.

Inventory:

Hand Weapons
 a - a +0 flail
 j - a +0 whip (weapon)
Missiles
 d - 3 throwing nets (quivered)
 e - a javelin
Armour
 b - a +0 leather armour (worn)
 c - a +0 helmet (worn)
 i - a +0 pair of gloves (worn)
Potions
 f - a potion of heal wounds {unknown}
 g - 2 potions of flight {unknown}
 h - a potion of haste {unknown}
 k - a potion of might {unknown}


   Skills:
 + Level 2.3 Fighting
 + Level 3.0 Maces & Flails
 - Level 2.0 Throwing
 + Level 0.9 Armour
 + Level 3.0 Dodging


You had 2 spell levels left.
You didn't know any spells.
Your spell library was empty.

Dungeon Overview and Level Annotations

Branches:
Dungeon (2/15)

Altars:


Innate Abilities, Weirdness & Mutations

You have sharp fingernails.
You sometimes gain a little power by taking damage.


Message History

You start resting.
A rat is nearby!
You closely miss the rat. You hit the rat.
You kill the rat!
Found a dagger.
You start resting.
A goblin comes into view. It is wielding a +0 dagger.
A kobold comes into view. It is wielding a +0 whip.
Found 7 gold pieces.
The kobold shouts!
The goblin shouts!
You closely miss the goblin. The goblin hits you but does no damage.
You hit the goblin.
You kill the goblin!
The kobold hits you with a +0 whip.
A kobold comes into view. It is wielding a +0 dagger.
Your Dodging skill increases to level 3!
You miss the kobold.
The kobold shouts!
The kobold misses you.
You hit the kobold.
The kobold is severely wounded.
The kobold barely misses you.
You hit the kobold but do no damage.
The kobold is severely wounded.
The kobold hits you with a +0 whip.
You hit the kobold.
You kill the kobold!
The kobold hits you but does no damage.
Things that are here:
a +0 whip; a kobold corpse You hit the kobold but do no damage.
The kobold hits you but does no damage.
You hit the kobold.
You kill the kobold!
You have reached level 3!
Your experience leads to an increase in your attributes!
Increase (S)trength, (I)ntelligence, or (D)exterity?
You feel stronger. x2; Your demonic ancestry asserts itself...
Your fingernails lengthen.
Are you sure you want to abandon this character and quit the game? (Confirm with "yes".)

..........#
..............#
..................$.#
...........#.......#
...........#.......##
..........#.........
####.....###....)..#
#..........#.)..@).#
.........# #.......#
......####+#.......#
...................#
.#####.......#######
.# #........# .#
#...........
.#####............
...................


There were no monsters in sight!

Vanquished Creatures
  2 bats
  5 endoplasms
  2 giant cockroaches (D:1)
  5 goblins
  A hobgoblin (D:1)
  A ball python (D:2)
  A frilled lizard (D:2)
  3 kobolds
  6 rats
26 creatures vanquished.

Notes
Turn   | Place    | Note
-------+----------+-------------------------------------------
     0 | D:1      | Artool the Demonspawn Gladiator began the quest for the
                  | Orb.
     0 | D:1      | Reached XP level 1. HP: 16/16 MP: 1/1
   269 | D:1      | Gained mutation: You sometimes gain a little power by
                  | taking damage. [demonic ancestry]
   269 | D:1      | Reached XP level 2. HP: 20/22 MP: 2/2
   328 | D:1      | Found a faded altar of an unknown god.
  1328 | D:2      | Gained mutation: You have sharp fingernails. [demonic
                  | ancestry]
  1328 | D:2      | Reached XP level 3. HP: 23/28 MP: 3/3
  1328 | D:2      | Quit the game

Illustrated notes

Levels and vault maps discovered:
D:1:      wander_arrival_fairy_ring, layout_basic,
          hellmonk_ecumenical_altar_blasted
D:2:      layout_basic, uniq_terence

Skill      XL: |  1  2 |
---------------+-------+-----
Throwing       | 2 |  2.0
Maces & Flails | 3 |  3.0
Dodging        | 3 |  3.0
Fighting       | |  2.3
Armour         | |  0.9

Action                   || total
-------------------------++-------
Melee: Flail             ||    41
       Whip              ||    30
Armor: Leather armour    ||    23
Dodge: Dodged            ||    33
